 Dungeon Crawl Stone Soup version 0.24-a0-232-g49d9ff8 (webtiles) character file.

Game seed: 9814633435976430386

130051 Inarius the Severer (level 17, -29/104 HPs)
             Began as a Gargoyle Fighter on Apr 3, 2019.
             Was the Champion of Okawaru.
             Killed from afar by Roxanne (53 damage)
             ... with a bolt of magma
             ... on level 1 of the Spider Nest.
             The game lasted 01:02:41 (28057 turns).

Inarius the Severer (Gargoyle Fighter)             Turns: 28057, Time: 01:02:42

Health: -29/104    AC: 38    Str: 28 (29) XL:     17   Next: 7%
Magic:  25/25      EV: 12    Int: 10      God:    Okawaru [******]
Gold:   1197       SH: 25    Dex: 14      Spells: 16/16 levels left

rFire    . . .     SeeInvis .   N - +6 broad axe (elec)
rCold    + + .     Gourm    .   D - +0 large shield
rNeg     + . .     Faith    .   S - +4 plate armour {MR+}
rPois    ∞         Spirit   .   d - +0 hat {MR+}
rElec    +         Reflect  +   V - +2 cloak {rC+}
rCorr    .         Harm     .   e - +0 pair of gloves {Dex+3}
MR       ++...                  w - +2 pair of boots {run}
Stlth    ..........             B - +5 amulet of reflection
HPRegen  0.27/turn              G - +6 ring of evasion
MPRegen  0.19/turn              a - ring "Bibylum" {rPois rC+ MR- Str+3 Dex+2}

@: flying, studying Shields, quick
A: big wings, negative energy resistance 1, electricity resistance, unbreathing,
petrification resistance, rot immunity, AC +12
a: Stop Flying, Heroism, Finesse, Renounce Religion


You were on level 1 of the Spider Nest.
You worshipped Okawaru.
Okawaru was exalted by your worship.
You were not hungry.

You visited 5 branches of the dungeon, and saw 25 of its levels.
You also visited: Ossuary, Bailey and Ice Cave.

You collected 2876 gold pieces.
You spent 1679 gold pieces at shops.

Inventory:

Hand Weapons
 I - a +1 broad axe of freezing
 N - a +6 broad axe of electrocution (weapon)
 R - a +0 antimagic broad axe
Missiles
 b - 28 javelins (quivered)
 A - 3 throwing nets
Armour
 d - a +0 hat of magic resistance (worn)
 e - a +0 pair of gloves of dexterity (worn)
 w - a +2 pair of boots of running (worn)
 D - a +0 large shield (worn)
 J - a +3 plate armour of fire resistance
 S - a +4 plate armour of magic resistance (worn)
 V - a +2 cloak of cold resistance (worn)
Jewellery
 a - the ring "Bibylum" (right hand) {rPois rC+ MR- Str+3 Dex+2}
   (You acquired it on level 1 of the Lair of Beasts)

   [ring of strength]

   It affects your strength (+3).
   It affects your dexterity (+2).
   It protects you from cold.
   It protects you from poison.
   It affects your resistance to hostile enchantments.
 l - an uncursed ring of ice
 z - an uncursed ring of protection from fire
 B - a +5 amulet of reflection (around neck)
 G - a +6 ring of evasion (left hand)
 O - an uncursed amulet of guardian spirit
Wands
 m - a wand of flame (13)
 t - a wand of paralysis (2)
 x - a wand of polymorph (8)
 y - a wand of disintegration (13)
 C - a wand of digging (27)
 L - a wand of scattershot (6)
 P - a wand of iceblast (39)
 Z - a wand of random effects (25)
Scrolls
 n - 6 scrolls of enchant armour
 o - 16 scrolls of teleportation
 p - 14 scrolls of remove curse
 s - 2 scrolls of magic mapping
 F - a scroll of immolation
 T - 4 scrolls of fog
 U - 3 scrolls of blinking
Potions
 c - 6 potions of heal wounds
 h - 11 potions of curing
 i - a potion of cancellation
 j - 5 potions of agility
 k - 3 potions of resistance
 r - 7 potions of mutation
 u - 7 potions of magic
 v - 7 potions of might
 E - 6 potions of haste
 H - 4 potions of invisibility
 K - 6 potions of lignification {unknown}
 X - 3 potions of ambrosia
Books
 Y - a manual of Shields
Comestibles
 f - 54 rations


   Skills:
 * Level 11.3 Fighting
 * Level 18.2 Axes
 + Level 0.4 Throwing
 + Level 8.6 Armour
 + Level 2.5 Dodging
 - Level 1.0 Stealth
 + Level 13.5 Shields
 + Level 11.1 Invocations
 * Level 9.5 Evocations


You had 16 spell levels left.
You didn't know any spells.
Your spell library contained the following spells:

 Spells                   Type           Power        Failure   Level  Hunger
 Animate Skeleton         Necr           N/A          100%        1    ##.....
 Apportation              Tloc           #.....       100%        1    ##.....
 Beastly Appendage        Tmut           #.....       100%        1    ##.....
 Confusing Touch          Hex            #.....       100%        1    ##.....
 Freeze                   Ice            #...         100%        1    ##.....
 Magic Dart               Conj           #...         100%        1    ##.....
 Summon Butterflies       Summ           #.......     100%        1    ##.....
 Summon Small Mammal      Summ           #...         100%        1    ##.....
 Blink                    Tloc           N/A          100%        2    ###....
 Call Imp                 Summ           #.......     100%        2    ###....
 Corpse Rot               Necr           N/A          100%        2    ###....
 Searing Ray              Conj           #.....       100%        2    ###....
 Slow                     Hex            #.......     100%        2    ###....
 Sticks to Snakes         Tmut           #.......     100%        2    ###....
 Throw Frost              Conj/Ice       #.....       100%        2    ###....
 Call Canine Familiar     Summ           #.......     100%        3    ####...
 Conjure Flame            Conj/Fire      #.......     100%        3    ####...
 Dazzling Spray           Conj/Hex       #.....       100%        3    ####...
 Lesser Beckoning         Tloc           #.........   100%        3    ####...
 Mephitic Cloud           Conj/Pois/Air  #.......     100%        3    ####...
 Ozocubu's Armour         Chrm/Ice       #.......     100%        3    ####...
 Spider Form              Tmut/Pois      #.........   100%        3    ####...
 Summon Guardian Golem    Hex/Summ       #.......     100%        3    ####...
 Tukima's Dance           Hex            #.......     100%        3    ####...
 Force Lance              Conj/Tloc      #.......     100%        4    #####..
 Fulminant Prism          Conj/Hex       #.........   100%        4    #####..
 Ice Form                 Ice/Tmut       #.......     100%        4    #####..
 Iskenderun's Mystic Bla  Conj           #.......     100%        4    #####..
 Summon Ice Beast         Ice/Summ       #.......     100%        4    #####..
 Summon Lightning Spire   Summ/Air       #.......     100%        4    #####..
 Throw Icicle             Conj/Ice       #.......     100%        4    #####..
 Agony                    Necr           #.......     100%        5    ######.
 Alistair's Intoxication  Tmut/Pois      #.......     100%        5    ######.
 Blade Hands              Tmut           #.........   100%        5    ######.
 Bolt of Draining         Conj/Necr      #.........   100%        5    ######.
 Dispel Undead            Necr           #.......     100%        5    ######.
 Excruciating Wounds      Chrm/Necr      #.........   100%        5    ######.
 Irradiate                Conj/Tmut      #.........   100%        5    ######.
 Metabolic Englaciation   Hex/Ice        #.........   100%        5    ######.
 Silence                  Hex/Air        #.........   100%        5    ######.
 Summon Mana Viper        Hex/Summ       #.......     100%        5    ######.
 Conjure Ball Lightning   Conj/Air       #.........   100%        6    #######
 Deflect Missiles         Chrm/Air       #.........   100%        6    #######
 Hydra Form               Tmut           #.........   100%        6    #######
 Invisibility             Hex            #.......     100%        6    #######
 Ozocubu's Refrigeration  Ice            #.........   100%        6    #######
 Dragon Form              Tmut           #.........   100%        7    #######
 Tornado                  Air            #.........   100%        9    #######
 Sublimation of Blood     Necr           Unusable     N/A         2    N/A
 Statue Form              Tmut/Erth      Unusable     N/A         6    N/A

Dungeon Overview and Level Annotations

Branches:
Dungeon (15/15) Temple (1/1) D:6 Lair (6/6) D:11 Swamp (0/4) Lair:3 Spider (1/4) Lair:4 Slime (0/5) Lair:6 Orc (2/2) D:10 Elf (0/3) Orc:1 Orc:2 Vaults (0/5) D:13 Depths (0/5) D:15

Altars:
Ashenzari
Cheibriados
Dithmenos
Elyvilon
Fedhas
Gozag
Hepliaklqana
Kikubaaqudgha
Makhleb
Nemelex Xobeh
Okawaru
Qazlal
Ru
Sif Muna
Trog
Uskayaw
Vehumet
Wu Jian
Xom
Yredelemnul
Zin
The Shining One
Beogh

Shops:
D:4 *   D:15 [   Orc:2 !:?}

Portals:
Trove: D:11 (give 21 scrolls of identify)

Annotations:
Spider:1 exclusion: Roxanne, Roxanne


Innate Abilities, Weirdness & Mutations

You are resistant to torment.
Your stone body is resilient. (AC +12)
You are immune to poison.
Your large and strong wings let you fly indefinitely.
You resist negative energy. (rN+)
You are resistant to electric shocks. (rElec)
You can survive without breathing.
You are immune to petrification.
You are immune to rotting.


Message History

Roxanne mumbles some strange words.
The iron shot hits you!!
You slice Roxanne!!
Roxanne is severely damaged.
Roxanne mumbles some strange words.
The crystal spear hits you!!!
* * * LOW HITPOINT WARNING * * *
You are too injured to fight recklessly!
You are too injured to fight recklessly!
You are too injured to fight recklessly!
You hit Roxanne.
Roxanne is severely damaged.
You hit Roxanne.
Roxanne is severely damaged.
You hit Roxanne.
Roxanne is almost destroyed.
Roxanne mumbles some strange words.
The bolt of magma hits you!!!
Ouch! That really hurt!
You die...

#..## ...## ##.
....# #.. #...###
..## #..##.###
..^## #..##...#
#..^# #......##
###...# ......##
##...8.# <......##
#.^.@..###
....#...#
#.#...##.####
.[..#####
##..###...(##
...##
#...####....# .###
###..#.......#
.>.#
#....##..##..##
...##
##.......#....####
^...#
####...^.###.....#
...## ##.......##
##...##


You could see Roxanne.

Vanquished Creatures
  Frances (Spider:1)
  Agnes (Spider:1)
  Gastronok (Lair:3)
  2 ghost moths
  Aizul (Spider:1)
  An orc warlord (Orc:1)
  An emperor scorpion (Spider:1)
  A stone giant (Orc:2)
  The ghost of eyesofgods1 the Transmogrifier, a journeyman DgTm (Lair:5)
  Azrael (Orc:2)
  A minotaur (Lair:5)
  Snorg (D:12)
  An ettin (Orc:1)
  2 rakshasas (D:15)
  Josephine (Lair:5)
  A fire dragon (D:15)
  Fannar (D:10)
  Erolcha (Orc:2)
  2 hydras
  A vault guard (D:13)
  Harold (D:9)
  A merfolk avatar (Lair:6)
  3 centaur warriors
  Erica (Lair:1)
  A death knight (D:13)
  12 death yaks
  8 two-headed ogres
  A satyr (Lair:4)
  5 orc high priests (Orc:2)
  Sonja (D:13)
  2 unseen horrors
  A phantasmal warrior (D:13)
  A necromancer (IceCv)
  4 wizards
  2 orc sorcerers (Orc:2)
  10 orc knights
  4 wolf spiders (Spider:1)
  A deep elf mage (D:12)
  4 orb spiders (Spider:1)
  13 ugly things
  A cyclops (D:14)
  4 manticores
  An ice statue (IceCv)
  3 elephants (Lair:6)
  2 black mambas
  Maurice (Orc:2)
  Psyche (D:8)
  3 centaur skeletons
  14 spiny frogs
  2 rime drakes
  8 komodo dragons
  2 kobold demonologists
  2 demonic crawlers (Spider:1)
  12 freezing wraiths
  A queen bee (D:11)
  A tengu conjurer (D:10)
  7 trolls
  3 meliai (D:13)
  A tyrant leech (Lair:5)
  4 polar bears (Lair:6)
  9 jumping spiders (Spider:1)
  3 slime creatures (D:15)
  A bog body (Lair:3)
  A hornet (Lair:6)
  A wind drake (Lair:6)
  5 blink frogs (Lair:1)
  The ghost of Phong the Firebug, an amateur HuFE (D:5)
  A hippogriff (shapeshifter) (D:15)
  15 hippogriffs
  11 dream sheep (Lair:6)
  Sigmund (D:4)
  23 redbacks (Spider:1)
  A human (shapeshifter) (D:15)
  A tarantella (shapeshifter) (D:15)
  3 tarantellas (Spider:1)
  4 wyverns
  4 wraiths
  4 fire elementals (Orc:2)
  2 hogs (D:7)
  46 yaks
  22 humans
  4 vampire mosquitoes (D:14)
  3 basilisks
  3 hungry ghosts
  A swamp worm (shapeshifter) (D:15)
  2 wargs (Orc:1)
  9 water moccasins
  10 ice beasts
  9 porcupines
  41 orc warriors
  An eye of draining (D:15)
  5 sky beasts
  2 necrophages
  4 phantoms
  14 ogres
  5 wolves (Lair:6)
  An alligator simulacrum (IceCv)
  4 boggarts (D:15)
  16 centaurs
  13 crocodiles
  7 big kobolds
  An elf zombie (Ossuary)
  15 bullfrogs
  3 gnoll sergeants (D:10)
  2 wyvern skeletons
  5 scorpions
  31 killer bees
  A water moccasin skeleton (D:4)
  11 wights
  3 electric eels
  7 howler monkeys
  9 crimson imps
  5 draconian simulacra (IceCv)
  2 quasits
  2 bullfrog zombies (D:12)
  4 centaur zombies
  10 hounds
  A human zombie (Ossuary)
  36 orc priests
  17 jellies
  7 bullfrog skeletons
  2 iguanas
  Ijyb (D:5)
  21 orc wizards
  7 hell rats
  7 troll simulacra (IceCv)
  13 worker ants
  A polar bear simulacrum (IceCv)
  2 spriggan simulacra (IceCv)
  2 wolf simulacra (IceCv)
  2 big kobold zombies (Ossuary)
  A centaur simulacrum (IceCv)
  A hound zombie (D:6)
  A hound skeleton (D:5)
  2 mummies (Ossuary)
  3 worker ant zombies
  19 gnolls
  A howler monkey skeleton (D:7)
  13 adders
  4 naga simulacra (IceCv)
  An ogre simulacrum (IceCv)
  7 river rats
  4 shadow imps
  24 white imps
  2 oozes (Lair:6)
  3 adder zombies
  2 worms
  2 dart slugs (D:1)
  8 leopard geckos
  98 orcs
  12 bats
  10 giant cockroaches
  25 hobgoblins
  15 jackals
  12 quokkas
  A ball python (D:4)
  7 frilled lizards
  2 gnoll zombies (D:2)
  11 goblins
  2 goblin zombies (Ossuary)
  13 hobgoblin zombies (Ossuary)
  31 kobolds
  7 kobold zombies (Ossuary)
  5 orc zombies (Ossuary)
  A quokka skeleton (D:5)
  9 rats
  3 rat zombies (Ossuary)
  A bush (Lair:6)
  3 fungi
  3 plants
1084 creatures vanquished.

Vanquished Creatures (others)
  A cyclops (D:13)
  An orc warrior (Orc:2)
  3 centaurs
  An orc wizard (Orc:2)
  A bush (Lair:6)
  2 fungi
  11 plants
20 creatures vanquished.

Grand Total: 1104 creatures vanquished

Notes
Turn   | Place    | Note
-------+----------+-------------------------------------------
     0 | D:1      | Inarius the Gargoyle Fighter began the quest for the Orb.
     0 | D:1      | Reached XP level 1. HP: 14/14 MP: 1/1
   153 | D:1      | Reached skill level 2 in Axes
   194 | D:1      | Reached XP level 2. HP: 15/19 MP: 2/2
   547 | D:1      | Reached XP level 3. HP: 22/23 MP: 3/3
   939 | D:2      | Reached XP level 4. HP: 25/28 MP: 4/4
  1080 | D:2      | Reached skill level 3 in Axes
  1405 | D:2      | Reached XP level 5. HP: 30/33 MP: 5/5
  1449 | D:2      | Found a basalt altar of Yredelemnul.
  1933 | D:3      | Reached skill level 4 in Axes
  2054 | D:3      | Reached XP level 6. HP: 35/38 MP: 6/6
  2617 | D:3      | Found a sacrificial altar of Ru.
  2772 | D:4      | Identified a +2 pair of boots of running (You found it on
                  | level 4 of the Dungeon)
  2820 | D:4      | Found Opiys's Assorted Antiques.
  2828 | D:4      | Bought a lumpy emerald potion for 29 gold pieces
  2828 | D:4      | Bought 2 scrolls labeled BYUDUE POCISUA for 66 gold pieces
  2828 | D:4      | Bought a scroll labeled LAITUS PUKHLA for 33 gold pieces
  2850 | D:4      | Reached skill level 5 in Axes
  2880 | D:4      | Reached skill level 1 in Dodging
  2880 | D:4      | Reached XP level 7. HP: 33/43 MP: 7/7
  2960 | D:4      | HP: 2/43 [ogre/+0 giant spiked club (17)]
  3385 | D:4      | Found a bloodstained altar of Trog.
  3499 | D:4      | Reached skill level 6 in Axes
  3761 | D:4      | Reached skill level 5 in Shields
  3775 | D:4      | Noticed Sigmund
  3789 | D:4      | Killed Sigmund
  3789 | D:4      | Reached XP level 8. HP: 42/48 MP: 8/8
  3836 | D:4      | Found an opulent altar of Gozag.
  3911 | D:5      | Entered Level 5 of the Dungeon
  4016 | D:5      | Found a transporter.
  4023 | D:5      | Noticed Phong's ghost (amateur HuFE)
  4025 | D:5      | Noticed a troll
  4036 | D:5      | Found a transporter.
  4417 | D:5      | Found a glowing golden altar of the Shining One.
  4461 | D:5      | Reached skill level 7 in Axes
  4573 | D:5      | Noticed Ijyb
  4575 | D:5      | Killed Ijyb
  4687 | D:5      | Reached skill level 1 in Evocations
  4731 | D:5      | You fall through a shaft!
  4799 | D:5      | Reached skill level 5 in Fighting
  5229 | D:6      | Noticed a hippogriff
  5234 | D:6      | Killed a hippogriff
  5234 | D:6      | Reached XP level 9. HP: 49/54 MP: 10/10
  5262 | D:6      | Reached skill level 5 in Armour
  5308 | D:6      | Reached skill level 8 in Axes
  5318 | D:6      | Found a transporter.
  5385 | D:6      | Found a snail-covered altar of Cheibriados.
  5408 | D:6      | Found a transporter.
  5499 | D:6      | Found a staircase to the Ecumenical Temple.
  5566 | Temple   | Entered the Ecumenical Temple
  5799 | Temple   | Became a worshipper of Warmaster Okawaru
  6481 | D:7      | Reached * piety under Okawaru
  6481 | D:7      | Reached skill level 1 in Invocations
  6521 | D:7      | Reached skill level 9 in Axes
  7024 | D:7      | Found an ancient bone altar of Kikubaaqudgha.
  7237 | D:7      | Reached ** piety under Okawaru
  7237 | D:7      | Reached XP level 10. HP: 56/60 MP: 12/12
  7426 | D:8      | Found a glowing golden altar of the Shining One.
  7484 | D:8      | Reached skill level 10 in Axes
  7765 | D:8      | Found a sand-covered staircase.
  7774 | Ossuary  | Entered an ossuary
  8253 | D:8      | Reached *** piety under Okawaru
  8399 | D:8      | Noticed Psyche
  8411 | D:8      | Killed Psyche
  8519 | D:8      | Reached skill level 1 in Stealth
  8644 | D:9      | Reached **** piety under Okawaru
  8696 | D:9      | Noticed Harold
  8948 | D:9      | Found a shadowy altar of Dithmenos.
  8967 | D:9      | Reached XP level 11. HP: 34/64 MP: 14/14
  9249 | D:9      | Reached skill level 11 in Axes
  9427 | D:9      | Reached ***** piety under Okawaru
  9731 | D:9      | Killed Harold
  9945 | D:10     | Entered Level 10 of the Dungeon
 10119 | D:10     | Received a gift from Okawaru
 10132 | D:10     | Noticed a purple ugly thing
 10162 | D:10     | Killed a purple ugly thing
 10308 | D:10     | Noticed a manticore
 10319 | D:10     | Killed a manticore
 10406 | D:10     | Reached skill level 5 in Evocations
 10449 | D:10     | Found a flagged portal.
 10458 | Bailey   | Entered a bailey
 10523 | Bailey   | Noticed an orc knight
 10679 | Bailey   | Killed an orc knight
 10913 | D:10     | Killed an unseen horror
 10954 | D:10     | Noticed a two-headed ogre
 10965 | D:10     | Killed a two-headed ogre
 10965 | D:10     | Reached skill level 12 in Axes
 10965 | D:10     | Reached skill level 5 in Invocations
 10965 | D:10     | Identified the +8 hand axe "Hioleq" {freeze, Str-3 Dex+4
                  | SInv}
 10970 | D:10     | Noticed a two-headed ogre
 10986 | D:10     | Killed a two-headed ogre
 10986 | D:10     | Reached ****** piety under Okawaru
 11087 | D:10     | Noticed a manticore
 11095 | D:10     | Killed a manticore
 11126 | D:10     | Found a runed translucent door.
 11148 | D:10     | Noticed Fannar
 11159 | D:10     | Reached XP level 12. HP: 70/71 MP: 16/16
 11182 | D:10     | Killed Fannar
 11182 | D:10     | Received a gift from Okawaru
 11443 | D:10     | Found a staircase to the Orcish Mines.
 11574 | D:11     | Noticed a two-headed ogre
 11589 | D:10     | Killed a two-headed ogre
 11632 | D:11     | Noticed a death yak
 11635 | D:11     | Noticed a death yak
 11816 | D:10     | Killed a death yak
 11872 | D:11     | Noticed a death yak
 11892 | D:11     | Killed a death yak
 11903 | D:11     | Killed a death yak
 12119 | D:11     | Found a staircase to the Lair.
 12267 | D:11     | Received a gift from Okawaru
 12341 | D:11     | Found a portal to a secret trove of treasure.
 12673 | D:11     | Identified a scroll of acquirement
 12807 | D:11     | Reached skill level 13 in Axes
 12851 | Lair:1   | Entered Level 1 of the Lair of Beasts
 12851 | Lair:1   | Noticed Erica
 12864 | Lair:1   | Killed Erica
 13672 | Lair:1   | Reached skill level 10 in Shields
 13672 | Lair:1   | Reached XP level 13. HP: 76/76 MP: 18/18
 13731 | Lair:1   | Got a scorched platinum ring
 13732 | Lair:1   | Identified the ring "Bibylum" {rPois rC+ MR- Str+3 Dex+2}
                  | (You acquired it on level 1 of the Lair of Beasts)
 14626 | Lair:2   | Got a shimmering ring mail
 14637 | Lair:2   | Identified the +3 ring mail of Limited Liability {Str+4
                  | Int+4} (You found it on level 2 of the Lair of Beasts)
 14698 | Lair:2   | Got a twitching golden amulet
 15367 | Lair:3   | Found a staircase to the Swamp.
 15395 | Lair:3   | Received a gift from Okawaru
 15438 | Lair:3   | Noticed Gastronok
 15462 | Lair:3   | Killed Gastronok
 15462 | Lair:3   | Reached skill level 14 in Axes
 15540 | Lair:3   | Got a scorched ring mail
 15574 | Lair:3   | Found a frozen archway.
 15611 | IceCv    | Entered an ice cave
 15630 | IceCv    | Identified the +1 ring mail "Nises" {rN+ rCorr} (You found
                  | it on level 3 of the Lair of Beasts)
 15729 | IceCv    | Received a gift from Okawaru
 15730 | IceCv    | Found the +15 Maxwell's patent armour {-Cast -Tele rElec
                  | MR+ rCorr}
 16197 | IceCv    | Found an ancient bone altar of Kikubaaqudgha.
 16758 | Lair:3   | You fall through a shaft for 2 floors!
 16979 | Lair:4   | Found a hole to the Spider Nest.
 17240 | Lair:4   | Gained mutation: Your large and strong wings let you fly
                  | indefinitely. [Gargoyle growth]
 17240 | Lair:4   | Reached XP level 14. HP: 80/84 MP: 18/20
 17681 | Lair:5   | Reached skill level 15 in Axes
 17771 | Lair:5   | Noticed Josephine
 17783 | Lair:5   | Killed Josephine
 17896 | Lair:5   | Found a runed translucent gate.
 17896 | Lair:5   | Found a runed translucent gate.
 17896 | Lair:5   | Found a runed translucent gate.
 17907 | Lair:5   | Noticed eyesofgods1's ghost (journeyman DgTm)
 18066 | Lair:5   | Identified the amulet "Mopuomm" {Harm *Drain rC+} (You
                  | found it on level 2 of the Lair of Beasts)
 18093 | Lair:6   | Entered Level 6 of the Lair of Beasts
 18142 | Lair:6   | Received a gift from Okawaru
 18277 | Lair:6   | Found a staircase to the Slime Pits.
 18662 | Lair:6   | Killed a ghost moth
 18662 | Lair:6   | Received a gift from Okawaru
 18999 | Lair:6   | Reached skill level 16 in Axes
 19449 | Lair:5   | Killed eyesofgods1's ghost
 19449 | Lair:5   | Reached XP level 15. HP: 66/89 MP: 22/22
 19853 | D:5      | Killed Phong's ghost
 19853 | D:5      | Received a gift from Okawaru
 19870 | D:5      | Got a smoking cloak {god gift}
 19882 | D:5      | Identified the +1 cloak of Incorporation {rC+} (Okawaru
                  | gifted it to you on level 5 of the Dungeon)
 20115 | D:12     | Noticed Snorg
 20125 | D:12     | Killed Snorg
 20676 | D:12     | Found a sparkling altar of Nemelex Xobeh.
 20842 | Orc:1    | Entered Level 1 of the Orcish Mines
 21345 | Orc:1    | Found a roughly hewn altar of Beogh.
 21550 | Orc:2    | Entered Level 2 of the Orcish Mines
 21550 | Orc:2    | Found a staircase to the Elven Halls.
 21550 | Orc:2    | Noticed an orc warlord
 21570 | Orc:1    | Killed an orc warlord
 21589 | Orc:2    | Noticed Erolcha
 21601 | Orc:2    | Killed Erolcha
 21884 | Orc:2    | Noticed Azrael
 21978 | Orc:2    | Killed Azrael
 22085 | Orc:2    | Noticed Maurice
 22105 | Orc:2    | Killed Maurice
 22797 | Orc:2    | Reached skill level 17 in Axes
 22797 | Orc:2    | Reached skill level 10 in Invocations
 22949 | Orc:2    | Found Vyjaoruh's Gadget Shop.
 22949 | Orc:2    | Found Rolaebb's Distillery.
 22950 | Orc:2    | Found Qoyc's Magic Scroll Shop.
 22950 | Orc:2    | Found Saezou's Book Boutique.
 22958 | Orc:2    | Bought a scroll of teleportation for 48 gold pieces
 22958 | Orc:2    | Bought a scroll of identify for 32 gold pieces
 22958 | Orc:2    | Bought a scroll of identify for 32 gold pieces
 22961 | Orc:2    | Bought a potion of resistance for 150 gold pieces
 22961 | Orc:2    | Bought a potion of heal wounds for 75 gold pieces
 22962 | Orc:2    | Bought a manual of Shields for 1214 gold pieces
 23707 | D:13     | Noticed Sonja
 23712 | D:13     | Killed Sonja
 23820 | D:13     | Received a gift from Okawaru
 23841 | D:13     | Found a roughly hewn altar of Beogh.
 24115 | D:13     | Reached XP level 16. HP: 97/97 MP: 23/23
 24147 | D:13     | Found a gate to the Vaults.
 24153 | D:13     | Reached skill level 10 in Fighting
 24879 | D:14     | Received a gift from Okawaru
 25247 | D:14     | Found a stormy altar of Qazlal.
 25584 | D:15     | Entered Level 15 of the Dungeon
 25634 | D:15     | Identified the Handbook of Ice and Companions
 26093 | D:15     | Found Pawif's Antique Armour Emporium.
 26505 | D:15     | Received a gift from Okawaru
 26592 | D:15     | Found a staircase to the Depths.
 26600 | D:15     | Reached skill level 18 in Axes
 26967 | Spider:1 | Entered Level 1 of the Spider Nest
 26967 | Spider:1 | Noticed Aizul
 26982 | Spider:1 | Killed Aizul
 27193 | Spider:1 | Noticed Frances
 27208 | Spider:1 | Killed Frances
 27258 | Spider:1 | Noticed Agnes
 27267 | Spider:1 | Killed Agnes
 27387 | Spider:1 | Identified Roxanne's Volume of Transmutation
 27387 | Spider:1 | Noticed Roxanne
 27555 | Spider:1 | Received a gift from Okawaru
 27558 | Spider:1 | Got an ichor-stained scale mail {god gift}
 27569 | Spider:1 | Identified the +1 scale mail of Yhex {Regen+ Int+3}
                  | (Okawaru gifted it to you on level 1 of the Spider Nest)
 27633 | Spider:1 | Reached XP level 17. HP: 95/104 MP: 0/25
 28057 | Spider:1 | Killed from afar by Roxanne

Levels and vault maps discovered:
D:1:      dpeg_arrival_morbid_curiosity, layout_rooms
D:2:      cheibrodos_pilgrimage, layout_rooms, lemuel_zombie_altar_yredelemnul
D:3:      layout_basic, old_standard_altar, kennysheep_boxes
D:4:      layout_basic, grunt_gozag_statues, bloody_trog, serial_shops, shop,
          first_ration, uniq_sigmund
D:5:      layout_basic, lemuel_doored_altar, gammafunk_ghost_arena, uniq_ijyb
D:6:      layout_basic, gammafunk_temple_overflow_arena,
          minmay_temple_entry_antechambers
D:7:      layout_loops_ring, kiku_gazebo_garden_becter, grunt_livestock
D:8:      layout_loops_cross, chequers_ossuary_entry_cave,
          nicolae_tso_swordbearing_angel, uniq_psyche
D:9:      layout_stronghold, kennysheep_mini, uniq_harold
D:10:     minmay_the_grid_four_pointed_star
          [minmay_the_grid_triangle_9x9_zippers_vertical,
          minmay_the_grid_triangle_9x9_descending_squares,
          minmay_the_grid_triangle_9x9_checkered,
          minmay_the_grid_triangle_9x9_subtriangle,
          minmay_the_grid_prize_four_corners], layout_loops_ring,
          kennysheep_orc_monster_closet_entryway, enter_bailey_2, uniq_fannar
D:11:     layout_loops_cross, dpeg_lair_monsters, nicolae_trove_entry_columns
D:12:     layout_stronghold, basic_altar, nicolae_wwwww, uniq_snorg
D:13:     layout_roguey [special_room_orc], grunt_vaults_entry_tiered,
          uniq_sonja
D:14:     layout_long_grid, minmay_tree_intersection, grunt_qazlal_clouds
D:15:     gammafunk_enter_depths_forms, layout_grid_maze, serial_park_square1
          [serial_park_minivault_5x5_7], serial_shops, shop
Temple:   minmay_temple_curvy_branch
Lair:1:   layout_misc_corridors, special_room [special_room_bee], uniq_erica
Lair:2:   layout_regular_city, serial_bayou_ford_a, beast_lair_carwin_11
Lair:3:   layout_layer_cave, skrybe_swamp_entry_bodies,
          portal_ice_cave_entry_imps, kennysheep_abandoned_house,
          serial_bayou_shore_b, uniq_gastronok
Lair:4:   layout_regular_city, spider_nest_entry_web_field, grunt_megastairs_3,
          serial_bayou_shore_b
Lair:5:   layout_misc_corridors, maelrawn_ghost_gauntlet_escape, uniq_josephine
Lair:6:   gammafunk_lair_ancient_temple, layout_regular_city,
          minmay_slime_entry_jelly_boxes
Spider:1: layout_spider_delve, uniq_frances, uniq_agnes, uniq_roxanne,
          uniq_aizul
Orc:1:    layout_caves, nicolae_orc_lost_temple
Orc:2:    st_orc_pillars, layout_diamond_mine, uniq_erolcha, uniq_azrael,
          uniq_maurice
Ossuary:  ossuary_tomb_1
Bailey:   bailey_axe_2, bailey
IceCv:    ice_cave_small_necro

Skill      XL: |  1  2  3  4  5  6  7  8  9 10 11 12 13 14 15 16 |
---------------+-------------------------------------------------+-----
Axes           | 2 3 4 5 6 7 9 10 12 13 14 16 17 18 | 18.2
Shields        | 4 5 6 7 8 10 11 13 | 13.5
Armour         | 4 5 6 7 8 |  8.6
Fighting       | 4 5 6 7 8 9 11 | 11.3
Dodging        | 1 2 |  2.5
Evocations     | 1 3 4 5 6 7 8 9 |  9.5
Invocations    | 2 3 5 6 8 9 10 11 | 11.1
Stealth        | 1 |  1.0
Throwing       | |  0.4

Action                   |  1- 3 |  4- 6 |  7- 9 | 10-12 | 13-15 | 16-18 || total
-------------------------+-------+-------+-------+-------+-------+-------++-------
Melee: War axe           |   120 |   299 |   439 |   709 |       |       ||  1567
       Hand axe          |       |       |       |   208 |       |       ||   208
       Broad axe         |       |       |       |   137 |  1244 |   503 ||  1884
Throw: Javelin           |       |       |       |     2 |       |       ||     2
Invok: Heroism           |       |       |       |     3 |     2 |     1 ||     6
       Finesse           |       |       |       |     1 |     1 |     1 ||     3
 Abil: Fly               |       |       |       |       |     1 |       ||     1
Evoke: Wand              |       |       |     5 |    20 |    22 |    16 ||    63
  Use: Potion            |       |       |     2 |     3 |       |       ||     5
       Scroll            |       |       |       |    29 |    11 |     5 ||    45
 Stab: Invisible         |       |       |       |     1 |       |       ||     1
       Confused          |       |       |       |     1 |       |       ||     1
       Paralysed         |       |       |       |       |     1 |       ||     1
  Eat: Chunk             |       |     7 |    11 |    17 |    33 |     9 ||    77
       Ration            |       |       |     1 |     2 |       |     1 ||     4
Armor: Scale mail        |    92 |   144 |       |       |       |       ||   236
       Chain mail        |       |    50 |   236 |   211 |       |       ||   497
       Plate armour      |       |       |       |   539 |   450 |   220 ||  1209
Dodge: Dodged            |    44 |    83 |    54 |   231 |   249 |   145 ||   806
Block: Shield            |    74 |   149 |    78 |   231 |   438 |       ||   970
       Large shield      |       |       |   220 |   745 |   319 |   564 ||  1848
       Reflection        |       |       |       |       |    21 |    40 ||    61

Table legend:
 A = Non-vault XP
 B = Vault XP
 C = Vault XP percentage of total XP
 D = Non-vault monster count
 E = Vault monster count
 F = Vault count percentage of total count
                 A         B        C        D         E       F
            +---------+---------+-------+---------+---------+-------
      Total |  104882 |   80906 |  43.5 |     643 |     439 |  40.6
            +---------+---------+-------+---------+---------+-------
        D:1 |      45 |       8 |  15.1 |      24 |       5 |  17.2
        D:2 |      92 |      56 |  37.8 |      26 |       7 |  21.2
        D:3 |     250 |       0 |   0.0 |      30 |       0 |   0.0
        D:4 |     740 |     227 |  23.5 |      22 |       1 |   4.3
        D:5 |     635 |     587 |  48.0 |      32 |       3 |   8.6
        D:6 |    1289 |     261 |  16.8 |      24 |       4 |  14.3
        D:7 |    1116 |     980 |  46.8 |      18 |       5 |  21.7
        D:8 |    1570 |     439 |  21.9 |      25 |       1 |   3.8
        D:9 |    3106 |     976 |  23.9 |      42 |       1 |   2.3
       D:10 |    2695 |    9123 |  77.2 |      22 |      39 |  63.9
       D:11 |     960 |    3126 |  76.5 |      14 |      19 |  57.6
       D:12 |    3887 |    1140 |  22.7 |      29 |       1 |   3.3
       D:13 |    6594 |    8827 |  57.2 |      33 |      52 |  61.2
       D:14 |   15258 |       0 |   0.0 |      39 |       0 |   0.0
       D:15 |    9553 |    4822 |  33.5 |      29 |      11 |  27.5
     Lair:1 |    3505 |    1271 |  26.6 |      16 |       7 |  30.4
     Lair:2 |    3485 |    1162 |  25.0 |      18 |       3 |  14.3
     Lair:3 |    3192 |    3619 |  53.1 |      16 |      31 |  66.0
     Lair:4 |    3712 |     196 |   5.0 |      15 |       1 |   6.2
     Lair:5 |    2709 |    5075 |  65.2 |      12 |       9 |  42.9
     Lair:6 |   14142 |    9937 |  41.3 |      40 |      38 |  48.7
   Spider:1 |   16848 |    6112 |  26.6 |      48 |       3 |   5.9
      Orc:1 |    5545 |       0 |   0.0 |      43 |       0 |   0.0
      Orc:2 |    3954 |   15453 |  79.6 |      26 |      71 |  73.2
    Ossuary |       0 |     301 | 100.0 |       0 |      39 | 100.0
     Bailey |       0 |     820 | 100.0 |       0 |      34 | 100.0
      IceCv |       0 |    6388 | 100.0 |       0 |      54 | 100.0
            +---------+---------+-------+---------+---------+-------
